 Dungeon Crawl Stone Soup version 0.30-a0-359-gd0147acb1a (webtiles) character file.

Game seed: 2679911450976790953

72 ders the Magician (level 4, -1/31 HPs)
             Began as a Djinni Conjurer on Nov 11, 2022.
             Slain by an orc wizard
             ... wielding a +0 dagger
              (4 damage)
             ... on level 3 of the Dungeon.
             The game lasted 00:02:23 (1635 turns).

ders the Magician (Djinni Conjurer)                 Turns: 1635, Time: 00:02:24

Health: -1/31      AC:  3    Str:  6    XL:     4   Next: 48%
Gold:   193        EV: 12    Int: 22    God:
                   SH:  0    Dex: 11

rFire   + + .      SeeInvis .    (no weapon)
rCold   x . .      Faith    .    (no shield)
rNeg    . . .      Spirit   .    a - +0 robe
rPois   ∞          Reflect  .    (no helmet)
rElec   .          Harm     .    (no cloak)
rCorr   .          Rampage  .    f - +0 pair of gloves
Will    .....                    (boots unavailable)
Stlth   ++........               (no amulet)
HPRegen 0.25/turn                (no ring)
MPRegen 0.00/turn                (no ring)

@: flying
A: sickness immunity, fire resistance 2, cold vulnerability 1, float, innate
caster, HP casting, extra vitality 1
a: no special abilities


You were on level 3 of the Dungeon.
You visited 1 branch of the dungeon, and saw 3 of its levels.

You collected 193 gold pieces.

Inventory:

Armour
 a - a +0 robe (worn)
 f - a +0 pair of gloves (worn)
Scrolls
 b - a scroll of enchant armour {unknown}
 c - a scroll of magic mapping {unknown}
 d - a scroll of teleportation {unknown}
 e - 3 scrolls of vulnerability {unknown}
 g - a scroll of noise {unknown}
 i - a scroll of fear {unknown}
 m - a scroll of blinking {unknown}
Potions
 h - a potion of curing
 j - 2 potions of might {unknown}
 k - a potion of mutation {unknown}
 l - a potion of heal wounds {unknown}


   Skills:
 - Level 2.1 Dodging
 - Level 1.5 Stealth
 + Level 4.4 Spellcasting


You couldn't memorise any spells.
You knew the following spells:

 Your Spells              Type           Power      Damage    Failure   Level
a - Magic Dart            Conj           96%        1d7       1%          1
b - Searing Ray           Conj           48%        2d6       2%          2
c - Dazzling Flash        Conj/Hex       48%        N/A       4%          3
d - Fulminant Prism       Conj/Hex       12%        3d8       17%         4
e - Iskenderun's Mystic   Conj/Tloc      24%        2d7       17%         4
f - Freeze                Ice            96%        1d10      1%          1
Your spell library was empty.

Dungeon Overview and Level Annotations

Branches:
Dungeon (3/15)

Altars:


Innate Abilities, Weirdness & Mutations

You are immune to sickness and miasma.
You are immune to poison.
Your flesh is very heat resistant. (rF++)
You are vulnerable to cold. (rC-)
You float through the air rather than walking.
You learn spells naturally, not from books.
Your magical power is your life essence.
You have superior vitality. (+4 MHP)


Message History

You are confused.
Unknown command.
You're too confused to cast spells.
It was a potion of curing.
You feel better. The orc wizard casts a spell at you. The magic dart hits you!
A hobgoblin comes into view.
The orc wizard gestures wildly while chanting.
The orc wizard flickers and vanishes!
Deactivating autopickup; reactivate with Ctrl-A.
An orc wizard is nearby!
Casting: Magic Dart (safe; 1% risk of failure)
Confirm with . or Enter, or press ? or * to list all spells.
Aiming: Searing Ray (safe; 2% risk of failure)
Press: ? - help, Shift-Dir - straight line, f - orc wizard
Aim: an orc wizard, wielding a +0 dagger and wearing a +0 robe (74% to hit)
The searing ray hits the orc wizard!
The orc wizard is heavily wounded. (Press . to maintain the ray.)
Casting: Searing Ray (safe; 2% risk of failure)
Confirm with . or Enter, or press ? or * to list all spells.
Restarting spell: Searing Ray (safe; 2% risk of failure)
Press: ? - help, Shift-Dir - straight line, f/p - orc wizard
Aim: an orc wizard, wielding a +0 dagger and wearing a +0 robe (heavily wounded, 74% to hit)
The searing ray misses the orc wizard. (Press . to maintain the ray.)
Something hits you.
* * * LOW HITPOINT WARNING * * *
Unknown command.
The searing ray misses the orc wizard.
* * * LOW HITPOINT WARNING * * *
Something hits you.
* * * LOW HITPOINT WARNING * * *
The orc wizard hits you but does no damage.
The searing ray hits the orc wizard.
The orc wizard is severely wounded.
* * * LOW HITPOINT WARNING * * *
Something barely misses you.
The orc wizard hits you with a +0 dagger.
You die...

#.#.†.†. #.. .o)..
#.#.###. #). ..).
########.#.# #. ....{.
#..........# #. ....
#.#######.## #. g. #)##
#.##......# ##
...######..####.#..######
.........#o..#....##
#.......###@.....#
#.........o......#
#.............>.##
####+###......###
####..†# #...# #...#
....# #...#


You could see an orc wizard and an orc.

Vanquished Creatures
  An adder (D:3)
  3 dart slugs
  2 orcs (D:3)
  2 ball pythons (D:1)
  2 endoplasms
  2 giant cockroaches (D:1)
  11 goblins
  5 hobgoblins
  6 kobolds
  7 bats
  4 frilled lizards
  6 rats
51 creatures vanquished.

Notes
Turn   | Place    | Note
-------+----------+-------------------------------------------
     0 | D:1      | ders the Djinni Conjurer began the quest for the Orb.
     0 | D:1      | ders set off with the following spells memorised: Magic
                  | Dart, Searing Ray, Dazzling Flash, Fulminant Prism,
                  | Iskenderun's Mystic Blast.
     0 | D:1      | Reached XP level 1. HP: 15/15 MP: 0/0
    87 | D:1      | Reached XP level 2. HP: 8/21 MP: 0/0
   347 | D:1      | Reached XP level 3. HP: 14/25 MP: 0/0
   347 | D:1      | Learned a level 1 spell: Freeze
   700 | D:2      | Reached skill level 4 in Spellcasting
  1105 | D:2      | Reached XP level 4. HP: 29/31 MP: 0/0
  1635 | D:3      | Slain by an orc wizard

Illustrated notes

Levels and vault maps discovered:
D:1:      dpeg_arrival_rooms_a, layout_rooms, hangedman_decor_points,
          st_stairs_6, minivault_26, minmay_indecisive_spiral
D:2:      layout_basic, minmay_unequal
D:3:      layout_basic

Skill      XL: |  1  2  3 |
---------------+----------+-----
Spellcasting   | 4 |  4.4
Dodging        | |  2.1
Stealth        | |  1.5

Action                   |  1- 3 |  4- 6 || total
-------------------------+-------+-------++-------
 Cast: Magic Dart        |    65 |    30 ||    95
       Searing Ray       |       |     2 ||     2
  Use: Potion            |       |     1 ||     1
Armor: Robe              |     2 |     1 ||     3
Dodge: Dodged            |     6 |     3 ||     9

Table legend: (Time is in decaauts)
 A = Elapsed time spent in this place.
 B = Non-inter-level travel time spent in this place.
 C = Inter-level travel time spent in this place.
 D = Time resting spent in this place.
 E = Time spent auto-exploring this place.
 F = Levels seen in this place.
 G = Mean time per level.
                   A        B        C        D        E       F      G
               +--------+--------+--------+--------+--------+-----+--------+
         Total |   1634 |   1591 |     43 |      0 |   1396 |   3 |  544.7 |
       Dungeon |   1634 |   1591 |     43 |      0 |   1396 |   3 |  544.7 |
               +--------+--------+--------+--------+--------+-----+--------+

Top non-repeatable levels by time:
     D:2: 826 daAuts
     D:1: 660 daAuts
     D:3: 147 daAuts
